 Dungeon Crawl Stone Soup version 0.31-a0-835-g2a3a5bc3be (webtiles) character file.

Game seed: 11027824898095744498

20327 BinkBink the Fighter (level 12, -4/117 HPs)
             Began as a Minotaur Monk on Sept 26, 2023.
             Was the Champion of Okawaru.
             Shot with an arrow by Nessos (21 damage)
             ... on level 12 of the Dungeon.
             The game lasted 00:43:29 (13637 turns).

BinkBink the Fighter (Minotaur Monk)               Turns: 13637, Time: 00:43:30

Health: -4/117     AC: 16    Str: 17    XL:     12   Next: 44%
Magic:  11/11      EV: 20    Int:  7    God:    Okawaru [******]
Gold:   521        SH:  5    Dex: 17    Spells: 11/11 levels left

rFire   . . .        b - +5 glaive (protect)
rCold   + + +        (shield currently unavailable)
rNeg    . . .        i - +4 skin of Zhor {*Englaciate rC+++ SInv}
rPois   .            (helmet restricted)
rElec   .            z - +0 cloak
rCorr   .            k - +3 Mad Mage's Maulers {Infuse+∞ VampMP -Cast}
SInv    +            (no boots)
Will    .....        g - amulet of reflection
Stlth   ++           G - ring of see invisible
HPRegen 0.39/turn    R - +4 ring of protection
MPRegen 0.12/turn

%: no spellcasting, reflection, infuse magic (11 MP)
@: no status effects
A: horns 2, retaliatory headbutt
a: Renounce Religion, Heroism, Finesse, Duel


You were on level 12 of the Dungeon.
You worshipped Okawaru.
Okawaru was exalted by your worship.
You visited 2 branches of the dungeon, and saw 13 of its levels.
You also visited: Ice Cave.

You collected 521 gold pieces.

Inventory:

Hand Weapons
 b - a +5 glaive of protection (weapon)
 L - the +3 hand axe "Ynext" {flame, MP+9}
   (You found it on level 11 of the Dungeon)

   MP+9:      It affects your magic capacity (+9).
 W - the +9 battleaxe "Weycw" {antimagic, rF+ Str+4 Dex-3}
   (You found it on level 10 of the Dungeon)

   Str+4:     It affects your strength (+4).
   Dex-3:     It affects your dexterity (-3).
   rF+:       It protects you from fire.
Armour
 d - an orb of light
 i - the +4 skin of Zhor (worn) {*Englaciate rC+++ SInv}
   (You found it on level 11 of the Dungeon)

   *Englaciate: It radiates cold, occasionally slowing all nearby creatures who
   are not resistant to cold.
   rC+++:     It renders you almost immune to cold.
   SInv:      It lets you see invisible.
 k - the +3 Mad Mage's Maulers (worn) {Infuse+∞ VampMP -Cast}
   (Okawaru gifted it to you on level 12 of the Dungeon)

   Infuse+∞: It empowers its wearer's blows with all of their magic.
   VampMP:    Blows struck in melee replenish the wearer's magic.
   -Cast:     It prevents spellcasting.
 r - a +2 crystal plate armour of cold resistance
 z - a +0 cloak (worn)
 D - +0 gold dragon scales
Jewellery
 g - an amulet of reflection (around neck)
 y - a ring of poison resistance
 G - a ring of see invisible (left hand)
 O - an amulet of regeneration
 Q - a ring of resist corrosion
 R - a +4 ring of protection (right hand)
 U - a +5 ring of evasion
 V - a ring of magical power
Wands
 A - a wand of polymorph (12)
 B - a wand of flame (65)
 J - a wand of mindburst (17)
 Y - a wand of iceblast (3)
Scrolls
 a - 2 scrolls of immolation
 f - a scroll of acquirement {unknown}
 h - 5 scrolls of teleportation
 j - 3 scrolls of silence {unknown}
 m - 5 scrolls of fear
 n - 2 scrolls of poison
 o - 2 scrolls of amnesia
 s - a scroll of fog {unknown}
 v - 4 scrolls of noise
 w - 2 scrolls of butterflies
 E - 2 scrolls of vulnerability
 I - a scroll of torment {unknown}
 M - a scroll of brand weapon
 Z - a scroll of enchant weapon {unknown}
Potions
 c - 3 potions of ambrosia
 e - a potion of heal wounds {unknown}
 l - 2 potions of enlightenment {unknown}
 p - a potion of lignification {unknown}
 q - 3 potions of berserk rage {unknown}
 t - 2 potions of brilliance {unknown}
 u - a potion of cancellation {unknown}
 x - 6 potions of degeneration
 C - 2 potions of resistance {unknown}
 F - 3 potions of magic {unknown}
 H - 3 potions of attraction
 N - 2 potions of might {unknown}
 P - a potion of invisibility {unknown}
 S - 2 potions of curing
 T - a potion of mutation {unknown}
 X - 2 potions of haste {unknown}


   Skills:
 + Level 14.3 Fighting
 + Level 14.1 Polearms
 - Level 6.9 Armour
 + Level 13.0 Dodging


You had 11 spell levels left.
You didn't know any spells.
Your spell library contained the following spells:

 Spells                   Type           Power      Damage    Failure   Level
 Slow                     Hex            0%         N/A       43%         1
 Ensorcelled Hibernation  Hex/Ice        0%         N/A       56%         2
 Jinxbite                 Hex            0%         N/A       56%         2
 Sublimation of Blood     Necr           0%         N/A       56%         2
 Confusing Touch          Hex            0%         N/A       80%         3
 Inner Flame              Hex/Fire       0%         N/A       80%         3
 Sigil of Binding         Hex            0%         N/A       80%         3
 Vampiric Draining        Necr           0%         2d6       80%         3
 Anguish                  Hex/Necr       0%         N/A       99%         4
 Petrify                  Tmut/Erth      0%         N/A       99%         4
 Irradiate                Conj/Tmut      0%         3d11      100%        5
 Lee's Rapid Deconstruct  Erth           0%         3d4*      100%        5
 Yara's Violent Unravell  Hex/Tmut       0%         3d3       100%        5
 Enfeeble                 Hex            0%         N/A       100%        7
 Animate Armour           Summ/Erth      Unusable   N/A       N/A         4
 Summon Lightning Spire   Summ/Air       Unusable   N/A       N/A         4

Dungeon Overview and Level Annotations

Branches:
Dungeon (12/15)            Temple (1/1) D:6            Lair (0/5) D:11
    Orc (0/2) D:11          IceCv (visited)

Altars:
Ashenzari
Cheibriados
Dithmenos
Elyvilon
Fedhas
Gozag
Hepliaklqana
Kikubaaqudgha
Makhleb
Nemelex Xobeh
Okawaru
Qazlal
Ru
Sif Muna
Trog
Uskayaw
Vehumet
Wu Jian
Xom
Yredelemnul
Zin
The Shining One

Annotations:
D:10 2 transporters, exclusion: obsidian statue, PotatoSalad1221's ghost, journeyman DrSh
D:12 3 runed translucent doors, Essalna's ghost, journeyman GrEE; Nessos


Innate Abilities, Weirdness & Mutations

You have a pair of horns on your head.
You reflexively headbutt those who attack you in melee.


Message History

You are too injured to fight recklessly!
As you read the scroll of teleportation, it crumbles to dust.
You feel strangely unstable.
You radiate an aura of cold.
Nessos seems to slow down.
* * * LOW HITPOINT WARNING * * *
You feel extremely sick.
Nessos shoots an arrow.
The arrow hits you!
* * * LOW HITPOINT WARNING * * *
The arrow burns you.
* * * LOW HITPOINT WARNING * * *
As you read the scroll of fear, it crumbles to dust.
You assume a fearsome visage.
Nessos looks frightened!
* * * LOW HITPOINT WARNING * * *
You feel extremely sick.
Nessos mumbles some strange words.
Nessos blinks!
Nessos mumbles some strange words.
Nessos blinks!
It was a potion of curing.
You feel better.
Nessos mumbles some strange words.
Nessos blinks!
Your surroundings suddenly seem different.
The sentinel's mark upon you fades away.
There is an open door here.
There is a large open door here.
Nessos shoots an arrow.
The arrow hits you!
* * * LOW HITPOINT WARNING * * *
The arrow burns you.
You are lethally poisoned!
* * * LOW HITPOINT WARNING * * *
* * * LOW HITPOINT WARNING * * *
You feel very sick.
The rime drake hisses angrily.
Nessos shoots an arrow.
The arrow misses you.
Nessos shoots an arrow.
You block the arrow with an invisible shield... and reflect it back!
The arrow hits Nessos.
The arrow burns Nessos.
Nessos is poisoned.
Nessos shoots an arrow.
The arrow closely misses you.
You feel better.
Nessos shoots an arrow.
The arrow completely misses you.
Nessos shoots an arrow.
The arrow hits you!!
You die...

##.#....[+ZZ.# .=..Z#............
...#.....+..$# ..#.##.#.........
...#.....#...## ..#.+.........
...#.....#..Z.# #.Z#...........
...#.....##....###...#.###.<.....
...####...###(......##...#.......
......#.....###...###....#.......
......#...#...#####.c....#.......
......#...#.....@........#.......
......#...#...#..........'.......
......#...'...#..#.......#.......
#...###...'...#..#.....###.......
#...#.....#####.##.....#.........
#...##'##.......#......#.........
#.......#.......##.....#.[###'#..
#.......#........#.....'..#...#..
........#..#'###.#.....#..#...#..


You could see Nessos (fast, very poisoned) and 2 centaur warrior simulacra.

Vanquished Creatures
  Rupert (D:12)
  An azure jelly (IceCv)
  Josephine (D:11)
  2 two-headed ogres
  A boulder beetle (D:12)
  2 ugly things
  A cyclops (D:11)
  An ice statue (IceCv)
  4 rime drakes (D:11)
  A gargoyle (D:12)
  A kobold demonologist (D:12)
  3 unseen horrors
  2 trolls
  24 slime creatures
  5 wraiths
  2 wyverns
  9 yaks
  2 acid dragons
  4 water moccasins
  2 ice beasts (D:6)
  2 great orb of eyes simulacra (IceCv)
  5 orc warriors
  2 black bears
  2 sky beasts
  An ogre (D:5)
  A centaur (D:6)
  3 slime creature simulacra (IceCv)
  3 kobold brigands
  4 bullfrogs
  A gnoll sergeant (D:9)
  5 glowing shapeshifter simulacra (IceCv)
  3 scorpions
  8 wights
  11 killer bees
  4 howler monkeys
  A gnoll bouda (D:7)
  4 orc priests
  2 hounds (D:4)
  Terence (D:2)
  12 orc wizards
  5 shapeshifter simulacra (IceCv)
  Natasha (thrice) (D:4)
  18 gnolls
  14 adders
  7 white imps
  An ufetubus (D:4)
  2 worms
  3 dart slugs
  29 orcs
  8 ball pythons
  3 bats
  8 endoplasms
  4 giant cockroaches
  4 goblins
  5 hobgoblins
  4 jackals
  A quokka (D:4)
  A frilled lizard (D:1)
  20 kobolds
  7 rats
291 creatures vanquished.

Notes
Turn   | Place    | Note
-------+----------+-------------------------------------------
     0 | D:1      | BinkBink the Minotaur Monk began the quest for the Orb.
     0 | D:1      | Reached XP level 1. HP: 19/19 MP: 0/0
    67 | D:1      | Reached XP level 2. HP: 8/27 MP: 1/1
   277 | D:1      | Reached XP level 3. HP: 33/33 MP: 2/2
   517 | D:1      | Found a faded altar of an unknown god.
  1009 | D:2      | Noticed Terence
  1022 | D:2      | Killed Terence
  1023 | D:2      | Reached XP level 4. HP: 35/41 MP: 3/3
  1777 | D:3      | Reached skill level 5 in Fighting
  1804 | D:3      | Reached XP level 5. HP: 48/48 MP: 4/4
  1810 | D:3      | Reached skill level 5 in Polearms
  2297 | D:4      | Noticed Natasha
  2304 | D:4      | Killed Natasha
  2305 | D:4      | Reached skill level 5 in Dodging
  2305 | D:4      | Reached XP level 6. HP: 46/56 MP: 5/5
  2377 | D:4      | Noticed Natasha
  2385 | D:4      | Killed Natasha
  2554 | D:4      | Noticed Natasha
  2562 | D:4      | Killed Natasha
  2930 | D:5      | Entered Level 5 of the Dungeon
  2965 | D:5      | Noticed an acid dragon
  3261 | D:5      | Noticed a water moccasin
  3281 | D:4      | Killed a water moccasin
  3282 | D:4      | Reached XP level 7. HP: 52/64 MP: 6/6
  3437 | D:5      | Found a bloodstained altar of Trog.
  3483 | D:5      | Found a blossoming altar of Fedhas.
  3640 | D:5      | Found a broken altar of Ashenzari.
  3749 | D:6      | Found a radiant altar of Vehumet.
  3760 | D:6      | Found a hide-covered altar of Uskayaw.
  3790 | D:6      | Reached XP level 8. HP: 73/73 MP: 7/7
  4175 | D:6      | Found a basalt altar of Yredelemnul.
  4450 | D:6      | Found a staircase to the Ecumenical Temple.
  4470 | Temple   | Entered the Ecumenical Temple
  4640 | D:6      | Found an opulent altar of Gozag.
  4673 | D:6      | Found a sacrificial altar of Ru.
  4986 | D:7      | Found an iron altar of Okawaru.
  4998 | D:7      | Became a worshipper of Warmaster Okawaru
  4998 | D:7      | Reached * piety under Okawaru
  4998 | D:7      | Reached ** piety under Okawaru
  5032 | D:7      | Reached XP level 9. HP: 83/83 MP: 8/8
  5974 | D:8      | Reached *** piety under Okawaru
  5975 | D:8      | Reached skill level 10 in Fighting
  6133 | D:8      | Reached skill level 10 in Polearms
  6260 | D:8      | Found a shimmering blue altar of Sif Muna.
  6738 | D:9      | Noticed a troll
  6749 | D:9      | Killed a troll
  6750 | D:9      | Reached XP level 10. HP: 75/94 MP: 9/9
  7247 | D:9      | Reached **** piety under Okawaru
  7248 | D:9      | Reached skill level 10 in Dodging
  7633 | D:10     | Entered Level 10 of the Dungeon
  7739 | D:10     | Found a burning altar of Makhleb.
  7821 | D:10     | Identified the +9 battleaxe "Weycw" {antimagic, rF+ Str+4
                  | Dex-3}
  7840 | D:10     | Noticed PotatoSalad1221's ghost (journeyman DrSh)
  7845 | D:10     | Found a transporter.
  7907 | D:10     | Noticed a seven-headed hydra
  7929 | D:10     | Found a transporter.
  8035 | D:10     | Noticed an obsidian statue
  8210 | D:10     | Noticed a two-headed ogre
  8226 | D:10     | Killed a two-headed ogre
  8226 | D:10     | Reached ***** piety under Okawaru
  8288 | D:11     | Found a frozen archway.
  8301 | IceCv    | Entered an ice cave
  8503 | IceCv    | Noticed an ice statue
  8642 | IceCv    | Received a gift from Okawaru
  8693 | IceCv    | Noticed an ice statue
  8809 | IceCv    | Reached XP level 11. HP: 19/105 MP: 10/10
 10324 | IceCv    | Reached skill level 1 in Armour
 10440 | IceCv    | Found a viscous altar of Jiyva.
 10440 | IceCv    | Noticed an azure jelly
 10731 | IceCv    | Killed an azure jelly
 11209 | IceCv    | Identified the +3 ring mail "Osuam" {*Corrode Will+ Int+4}
 11624 | D:11     | Noticed a cyan ugly thing
 11653 | D:11     | Killed a cyan ugly thing
 11668 | D:11     | Received a gift from Okawaru
 11784 | D:11     | Found a staircase to the Orcish Mines.
 11823 | D:11     | Identified the +3 hand axe "Ynext" {flame, MP+9}
 11853 | D:11     | Noticed a two-headed ogre
 11869 | D:11     | Killed a two-headed ogre
 11870 | D:11     | Reached skill level 5 in Armour
 11958 | D:11     | Found a staircase to the Lair.
 11993 | D:11     | Found the +4 skin of Zhor {*Englaciate rC+++ SInv}
 12010 | D:11     | Noticed Josephine
 12043 | D:11     | Killed Josephine
 12465 | D:11     | Reached ****** piety under Okawaru
 12465 | D:11     | Received a gift from Okawaru
 12466 | D:11     | Reached XP level 12. HP: 115/115 MP: 11/11
 12574 | D:12     | Found a runed translucent gate.
 12574 | D:12     | Found a runed translucent gate.
 12574 | D:12     | Found a runed translucent gate.
 12585 | D:12     | Acquired a +5 glaive of protection
 12585 | D:12     | Received a gift from Okawaru
 12586 | D:12     | Acquired the +3 Mad Mage's Maulers {Infuse+∞ VampMP -Cast}
 12586 | D:12     | Received a gift from Okawaru
 12586 | D:12     | Found the +3 Mad Mage's Maulers {Infuse+∞ VampMP -Cast}
 12811 | D:12     | Noticed Essalna's ghost (journeyman GrEE)
 13023 | D:12     | Noticed Rupert
 13023 | D:12     | Paralysed by Rupert for 4 turns
 13030 | D:12     | Killed Rupert
 13121 | D:12     | Received a gift from Okawaru
 13413 | D:12     | Noticed a boulder beetle
 13428 | D:12     | Killed a boulder beetle
 13606 | D:12     | Noticed Nessos
 13637 | D:12     | Shot with an arrow by Nessos

Illustrated notes

Levels and vault maps discovered:
D:1:      psy_arrival_basics, layout_basic, serial_corexii_hall,
          corexii_hall_statues_t, corexii_hall_statues_x,
          corexii_hall_statues_i, shapermc_ecumenical_altar_notcrosses,
          nrook_campfire
D:2:      layout_loops_ring, uniq_terence
D:3:      minmay_inner_zag, layout_loops_corners,
          hangedman_decor_clover_reticule
D:4:      layout_loops_ring, uniq_natasha
D:5:      layout_rooms, mainiacjoe_overflow_alcove_2,
          lemuel_coloured_pillars_altar, lemuel_tele_altar
D:6:      layout_basic, amethyst_overflow_temple_binary,
          mainiacjoe_overflow_small_starburst, mainiacjoe_overflow_swirl,
          temple_fountains
D:7:      layout_loops_ring, mainiacjoe_overflow_surrounded_room,
          serial_bayou_pond_c, st_stairs_14, nrook_uturn
D:8:      layout_basic, led_sif_pool, minmay_misc_feat_alley
D:9:      layout_loops_corners, kennysheep_small_circle
D:10:     minmay_statue_hallways, layout_irregular_city, old_standard_altar,
          nzn_ghost_randoct
D:11:     layout_roguey, lair_entry_dummy, orc_0_dummy,
          portal_ice_cave_entry_pillars_2, hellmonk_guarded_unrand_zhor,
          uniq_josephine
D:12:     layout_irregular_city, gammafunk_ghost_icy, uniq_nessos, uniq_rupert
Temple:   jpeg_temple_clearing

Skill      XL: |  1  2  3  4  5  6  7  8  9 10 11 12 |
---------------+-------------------------------------+-----
Fighting       | 4 5 6 7 9 10 12 13 14 | 14.3
Polearms       | 4 5 6 7 8 10 12 13 14 | 14.1
Dodging        | 4 5 6 8 9 11 12 13 | 13.0
Armour         | 6 |  6.9

Action                     |  1- 3 |  4- 6 |  7- 9 | 10-12 || total
---------------------------+-------+-------+-------+-------++-------
  Melee: Spear             |    64 |   131 |   406 |  1033 ||  1634
         Headbutt          |    11 |    21 |    74 |   377 ||   483
         Glaive            |       |       |       |    53 ||    53
  Throw: Throwing net      |       |       |       |     1 ||     1
 Invoke: Receive Weapon    |       |       |       |     1 ||     1
         Receive Armour    |       |       |       |     1 ||     1
  Evoke: Wand              |       |       |       |     1 ||     1
    Use: Scroll            |       |       |       |    18 ||    18
         Potion            |       |       |       |     2 ||     2
   Stab: Distracted        |       |       |       |     1 ||     1
 Armour: Robe              |     9 |       |       |       ||     9
         Ring mail         |       |    41 |     4 |       ||    45
         Acid dragon scale |       |       |    96 |    43 ||   139
         Crystal plate arm |       |       |       |   436 ||   436
         Animal skin       |       |       |       |    28 ||    28
  Dodge: Dodged            |    20 |    36 |   179 |   146 ||   381
  Block: Orb               |     6 |    15 |    54 |    84 ||   159
         Reflection        |     1 |     1 |     1 |     4 ||     7
         Other             |       |       |       |     7 ||     7

Table legend: (Time is in decaauts)
 A = Elapsed time spent in this place.
 B = Non-inter-level travel time spent in this place.
 C = Inter-level travel time spent in this place.
 D = Time resting spent in this place.
 E = Time spent auto-exploring this place.
 F = Levels seen in this place.
 G = Mean time per level.
                   A        B        C        D        E       F      G
               +--------+--------+--------+--------+--------+-----+--------+
         Total |  12981 |  12745 |    236 |      0 |  10056 |  14 |  927.2 |
       Dungeon |   9954 |   9718 |    236 |      0 |   8070 |  12 |  829.5 |
        Temple |    124 |    124 |      0 |      0 |      0 |   1 |  124.0 |
      Ice Cave |   2902 |   2902 |      0 |      0 |   1986 |   1 | 2902.0 |
               +--------+--------+--------+--------+--------+-----+--------+

Top non-repeatable levels by time:
   IceCv: 2902 daAuts
     D:7: 1113 daAuts
    D:12: 1100 daAuts
     D:4: 1031 daAuts
     D:9: 984 daAuts
    D:11: 949 daAuts
     D:3: 947 daAuts
     D:6: 788 daAuts
    D:10: 626 daAuts
     D:8: 623 daAuts
     D:5: 617 daAuts
     D:2: 595 daAuts
     D:1: 576 daAuts
  Temple: 124 daAuts
